 Dungeon Crawl Stone Soup version 0.19-a0-1568-gdd01aac (webtiles) character file.

29 jacquesderrida the Skirmisher (level 3, 0/20 HPs)
             Began as a Vine Stalker Wanderer on Sept 15, 2016.
             Killed from afar by an orc wizard (3 damage)
             ... with a magic dart
             ... on level 3 of the Dungeon.
             The game lasted 00:01:48 (333 turns).

jacquesderrida the Skirmisher (VSWn)                 Turns: 333, Time: 00:01:49

Health: 0/20       AC:  7    Str: 15    XL:     3   Next: 16%
Magic:  0/4        EV:  9    Int: 12    God:
Gold:   0          SH:  0    Dex: 13    Spells: 0 memorised, 2 levels left

rFire  . . .     SeeInvis .     a - +2 short sword
rCold  . . .     Gourm    .     k - +0 scale mail
rNeg   . . .     Faith    .     (no shield)
rPois  .         Spirit   +     (no helmet)
rElec  .         Dismiss  .     (no cloak)
rCorr  .         Reflect  .     (no gloves)
MR     .....     Harm     .     h - +0 pair of boots
Stlth  ..........               (no amulet)
                                (no ring)
                                (no ring)

@: no status effects
A: fangs 2, magic shield, antimagic bite, no device heal 3, rot immunity
a: no special abilities


You were on level 3 of the Dungeon.
You were not hungry.

You visited 1 branch of the dungeon, and saw 3 of its levels.

Inventory:

Hand Weapons
 a - a +2 short sword (weapon)
 b - a +0 shortbow
Missiles
 c - 27 arrows
Armour
 e - a +0 robe
 h - a +0 pair of boots (worn)
 k - a +0 scale mail (worn)
Scrolls
 g - a scroll of fog {unknown}
 j - a scroll of identify {unknown}
Comestibles
 f - a bread ration


   Skills:
 + Level 3.0 Fighting
 - Level 1.7 Short Blades
   Level 1.0 Maces & Flails
 - Level 1.0 Throwing
 - Level 1.0 Armour
 - Level 1.0 Dodging
 - Level 1.2 Stealth
 * Level 2.2 Unarmed Combat


You had 2 spell levels left.
You didn't know any spells.

Dungeon Overview and Level Annotations

Branches:
Dungeon (3/15)

Altars:


Innate Abilities, Weirdness & Mutations

You have extremely sharp teeth.
When hurt, damage is shared between your health and your magic reserves.
Your bite disrupts and absorbs the magic of your enemies.
Potions and wands cannot restore your health.
You are immune to rotting.


Message History

The adder closely misses you.
You hit the adder.
The adder is moderately wounded.
The adder closely misses you.
You miss the adder.
The adder is moderately wounded.
The adder bites you but does no damage. The adder barely misses you.
You hit the adder.
The adder is heavily wounded.
The adder bites you but does no damage.
You hit the adder.
You kill the adder!
Your Unarmed Combat skill increases to level 2!
You have reached level 3!
Your experience leads to an increase in your attributes!
Increase (S)trength, (I)ntelligence, or (D)exterity?
You feel clever.
The orc wizard gestures at you while chanting.
The magic dart hits you!
You die...

...# #.#.#.# ####
#.#.#.# #.#.# ####
## #.#.. ... .#
#.######.. .#
#......#.########
#####.##.#......#
#....<†.o....#
#.)##@#.######
.####..##.#...
#..........#.....
############o####.#
.. . .# >#


You could see an orc wizard.

Vanquished Creatures
  An adder (D:3)
  An ooze (D:1)
  2 bats (D:2)
  3 giant cockroaches
  A goblin (D:3)
  3 jackals (D:1)
  A frilled lizard (D:2)
  A kobold (D:2)
  2 rats
15 creatures vanquished.

Notes
Turn   | Place    | Note
-------+----------+-------------------------------------------
     0 | D:1      | jacquesderrida the Vine Stalker Wanderer began the quest for the Orb.
     0 | D:1      | jacquesderrida set off with: a +2 short sword, a +0 shortbow, 27 arrows, a potion of curing, a +0 robe, a bread ration
     0 | D:1      | Reached XP level 1. HP: 11/11 MP: 2/2
     1 | D:1      | Found a runed door.
    19 | D:1      | Reached skill level 1 in Unarmed Combat
    22 | D:1      | Reached XP level 2. HP: 2/16 MP: 3/3
   158 | D:2      | Reached skill level 3 in Fighting
   333 | D:3      | Reached XP level 3. HP: 3/20 MP: 1/4
   333 | D:3      | Killed from afar by an orc wizard

Vault maps used:
D:1:      dpeg_arrival_caged_fury
D:2:      ecumenical_altar_1
D:3:      fedhas_altar_fruit_tree, first_bread, nrook_mini_vaults,
          lemuel_blue_sif_altar

Skill      XL: |  1  2 |
---------------+-------+-----
Unarmed Combat | 1 2 |  2.2
Fighting       | 3 |  3.0
Short Blades   | |  1.7
Maces & Flails | |  1.0
Throwing       | |  1.0
Armour         | |  1.0
Dodging        | |  1.0
Stealth        | |  1.2

Action                   || total
-------------------------++-------
Melee: Short sword       ||    39
       Bite              ||     9
  Use: Potion            ||     2
 Stab: Sleeping          ||     1
Armor: Robe              ||     7
       Scale mail        ||     5
Dodge: Dodged            ||    22
